 Dungeon Crawl Stone Soup version 0.30-a0-1008-g30c9307041 (webtiles) character file.

Game seed: 3044501672870418499

2816 retardedninja the Cleaver (level 9, 0/85 HPs)
             Began as a Naga Fighter on Apr 4, 2023.
             Was an Initiate of Hepliaklqana.
             Slain by a troll (7 damage)
             ... on level 7 of the Dungeon on Apr 5, 2023.
             The game lasted 00:09:27 (8687 turns).

retardedninja the Cleaver (Naga Fighter)            Turns: 8687, Time: 00:09:27

Health: 0/85       AC: 21    Str: 23    XL:     9   Next: 72%
Magic:  9/9        EV: 17    Int:  8    God:    Hepliaklqana [......]
Gold:   296        SH:  5    Dex: 14    Spells: 8/8 levels left

rFire   . . .      SeeInvis +    a - +2 war axe
rCold   . . .      Faith    .    c - +0 buckler
rNeg    . . .      Spirit   .    x - +2 plate armour
rPois   +          Reflect  .    o - +0 helmet
rElec   .          Rampage  .    (no cloak)
rCorr   .                        j - +1 pair of gloves {Dex+3}
Will    +++..                    w - +1 barding Stlth
                                 h - amulet of the acrobat
HPRegen 0.34/turn                p - ring of flight
MPRegen 0.11/turn                B - ring "Giycil" {Will++ SInv}

@: acrobatic, flying, hasted, quick
A: AC +3, large, see invisible, deformed body, poison resistance, slowness 2,
spit poison 1, naga tail 1
a: Spit Poison, Renounce Religion


You were on level 7 of the Dungeon.
You worshipped Hepliaklqana.
Hepliaklqana was noncommittal.
You visited 2 branches of the dungeon, and saw 8 of its levels.

You collected 296 gold pieces.

Inventory:

Hand Weapons
 a - a +2 war axe (weapon)
Armour
 c - a +0 buckler (worn)
 j - a +1 pair of gloves of dexterity (worn)
 o - a +0 helmet (worn)
 w - a +1 barding (worn)
 x - a +2 plate armour (worn)
Jewellery
 f - the ring of Kagitoexoa {rPois rC+++ Str-5 Int+3 Dex+6}
   (You found it on level 7 of the Dungeon)

   [ring of dexterity]

   Str:       It affects your strength (-5).
   Int:       It affects your intelligence (+3).
   Dex:       It affects your dexterity (+6).
   rC:        It renders you almost immune to cold.
   rPois:     It protects you from poison.
 h - an amulet of the acrobat (around neck)
 p - a ring of flight (left hand)
 B - the ring "Giycil" (right hand) {Will++ SInv}
   (You found it on level 3 of the Dungeon)

   [ring of see invisible]

   SInv:      It lets you see invisible.
   Will:      It greatly increases your willpower.
Wands
 k - a wand of flame (11)
Scrolls
 b - a scroll of blinking {unknown}
 d - a scroll of teleportation {unknown}
 g - a scroll of noise {unknown}
 i - a scroll of vulnerability
 q - a scroll of magic mapping {unknown}
 v - a scroll of poison {unknown}
 y - a scroll of silence {unknown}
 A - a scroll of amnesia
Potions
 e - 6 potions of brilliance
 l - a potion of magic {unknown}
 n - a potion of invisibility {unknown}
 s - a potion of attraction {unknown}
 u - a potion of mutation {unknown}
 z - a potion of flight {unknown}


   Skills:
 + Level 6.5 Fighting
 * Level 8.6 Axes
 + Level 5.4 Armour
 + Level 6.0 Shields


You had 8 spell levels left.
You didn't know any spells.
Your spell library contained the following spells:

 Spells                   Type           Power      Damage    Failure   Level
 Sting                    Tmut/Pois      0%         1d3       100%        1
 Poisonous Vapours        Pois/Air       0%         N/A       100%        2
 Olgreb's Toxic Radiance  Pois           0%         N/A       100%        4
 Iskenderun's Battlesphe  Conj           0%         2d6       100%        5
 Iron Shot                Conj/Erth      0%         9d1       100%        6
 Spellforged Servitor     Conj/Summ      0%         N/A       100%        7


Dungeon Overview and Level Annotations

Branches:
Dungeon (7/15)             Temple (1/1) D:6

Altars:
Ashenzari
Cheibriados
Dithmenos
Elyvilon
Gozag
Hepliaklqana
Kikubaaqudgha
Makhleb
Nemelex Xobeh
Okawaru
Qazlal
Ru
Sif Muna
Wu Jian
Xom
Yredelemnul
Zin
The Shining One


Innate Abilities, Weirdness & Mutations

Your serpentine skin is tough. (AC +3)
You have supernaturally acute eyesight. (SInv)
Armour fits poorly on your strangely shaped body.
Your system is resistant to poisons. (rPois)
You cover ground very slowly.
You can spit poison.
You have a snake-like lower body.


Message History

The vampire mosquito bites you but does no damage.
The troll barely misses you. The troll claws you but does no damage.
The troll claws you.
The vampire mosquito bites you but does no damage.
You miss the vampire mosquito.
The vampire mosquito is severely damaged.
You closely miss the troll.
The vampire mosquito completely misses you.
The troll bites you. The troll claws you but does no damage.
You block the troll's attack.
The vampire mosquito bites you but does no damage.
You hit the vampire mosquito but do no damage.
The vampire mosquito is severely damaged.
You hit the troll. The vampire mosquito bites you.
The vampire mosquito draws strength from your injuries!
The troll bites you but does no damage. You block the troll's attack.
The troll claws you.
The vampire mosquito bites you but does no damage.
The troll bites you. You block the troll's attack.
The troll claws you but does no damage.
You hit the vampire mosquito but do no damage.
The vampire mosquito is severely damaged.
You barely miss the troll. The vampire mosquito bites you.
The vampire mosquito draws strength from your injuries!
The vampire mosquito bites you but does no damage.
The troll bites you. The troll claws you!
The troll claws you but does no damage.
You feel yourself speed up.
The vampire mosquito bites you but does no damage. x2
The troll bites you. The troll claws you but does no damage.
The troll claws you!
* * * LOW HITPOINT WARNING * * *
You block the vampire mosquito's attack.
There is an open door here.
The troll attacks as you move away! The troll bites you!
* * * LOW HITPOINT WARNING * * *
The troll claws you.
* * * LOW HITPOINT WARNING * * *
The troll claws you!
You die...

..[.......####...##.#.#
..........).....#####.#
#...†.....##.#.#.#.$.#
###'##....#.#.####..#
#.##.............# .
#.##....#######.#:# ..
#.##....#P...P#.#.#.#
#.##....#.###T#.#$..#
#.##....# +$#.@...#.
#.# #.###y#.#.#.# #.#
#P...P#.#.# . # #.#
#######.... #. ..#.#
..)... ###.# .......
..#.# ........
'##'##### #######+
........#


You could see a troll and a vampire mosquito.

Vanquished Creatures
  A two-headed ogre (D:7)
  A wraith (D:7)
  A wyvern (D:7)
  A steam dragon (D:7)
  A water moccasin (D:7)
  An ice beast (D:7)
  3 ogres (D:6)
  2 centaurs (D:7)
  A phantom (D:5)
  A kobold brigand (D:6)
  2 scorpions (D:5)
  A wight (D:7)
  3 killer bees (D:6)
  An electric eel (D:6)
  5 hounds
  4 orc priests
  A sleepcap (D:5)
  Terence (D:2)
  4 iguanas
  An orc wizard (D:7)
  7 gnolls
  8 adders
  A shadow imp (D:7)
  A white imp (D:5)
  An ufetubus (D:6)
  3 worms
  3 dart slugs
  16 orcs
  7 endoplasms
  3 giant cockroaches
  6 goblins
  4 hobgoblins
  3 jackals (D:1)
  4 quokkas
  8 ball pythons
  3 bats
  5 frilled lizards
  7 kobolds
  6 rats
132 creatures vanquished.

Vanquished Creatures (others)
  2 plants (D:7)
2 creatures vanquished.

Grand Total: 134 creatures vanquished

Notes
Turn   | Place    | Note
-------+----------+-------------------------------------------
     0 | D:1      | retardedninja the Naga Fighter began the quest for the Orb.
     0 | D:1      | Reached XP level 1. HP: 21/21 MP: 1/1
   210 | D:1      | Reached XP level 2. HP: 28/28 MP: 2/2
   836 | D:1      | Reached XP level 3. HP: 34/34 MP: 3/3
   951 | D:1      | Upgraded the game from 0.30-a0-996-ga6910c8ee8 to
                  | 0.30-a0-1008-g30c9307041
  1242 | D:2      | Identified the +10 sling of Wariness {drain, rF- Will+
                  | rCorr Dex+2}
  1245 | D:2      | Noticed Terence
  1252 | D:2      | Killed Terence
  1253 | D:2      | Reached skill level 3 in Axes
  1253 | D:2      | Reached XP level 4. HP: 19/42 MP: 4/4
  2069 | D:2      | Found an ornate altar of the Wu Jian Council.
  2188 | D:3      | Identified the +6 dagger of Goahefuc {freeze, Int+4}
  2207 | D:3      | You are sucked into a shaft and drop 2 floors!
  2207 | D:5      | Entered Level 5 of the Dungeon
  2244 | D:5      | Noticed a phantom
  2275 | D:5      | Killed a phantom
  2276 | D:5      | Reached XP level 5. HP: 45/50 MP: 5/5
  2478 | D:4      | Found a sparkling altar of Nemelex Xobeh.
  2664 | D:4      | Reached skill level 4 in Axes
  2664 | D:4      | Reached XP level 6. HP: 56/57 MP: 6/6
  3370 | D:3      | Identified the ring "Giycil" {Will++ SInv}
  4043 | D:4      | Reached XP level 7. HP: 64/64 MP: 7/7
  4461 | D:5      | Reached skill level 5 in Axes
  5333 | D:5      | Found a sacrificial altar of Ru.
  5845 | D:6      | Reached XP level 8. HP: 73/73 MP: 8/8
  5902 | D:6      | Reached skill level 6 in Axes
  6142 | D:6      | Found a staircase to the Ecumenical Temple.
  6154 | Temple   | Entered the Ecumenical Temple
  6464 | D:6      | Reached skill level 5 in Fighting
  6891 | D:6      | Found a shimmering blue altar of Sif Muna.
  7040 | D:6      | Found a hazy altar of Hepliaklqana.
  7067 | D:6      | Became a worshipper of Hepliaklqana the Forgotten
  7706 | D:7      | Reached skill level 5 in Shields
  7807 | D:7      | Identified the ring of Kagitoexoa {rPois rC+++ Str-5 Int+3
                  | Dex+6}
  7867 | D:7      | Reached skill level 7 in Axes
  8315 | D:7      | Reached XP level 9. HP: 82/82 MP: 9/9
  8537 | D:7      | Noticed a two-headed ogre
  8550 | D:7      | Killed a two-headed ogre
  8551 | D:7      | Reached skill level 8 in Axes
  8551 | D:7      | Reached skill level 5 in Armour
  8675 | D:7      | Noticed a troll
  8687 | D:7      | Slain by a troll

Illustrated notes

Levels and vault maps discovered:
D:1:      wander_arrival_chamber, layout_basic
D:2:      layout_basic, basic_altar, uniq_terence
D:3:      layout_loops_ring
D:4:      layout_loops_ring, mainiacjoe_overflow_surrounded_room
D:5:      layout_loops_ring, nicolae_ru_path_of_blood
D:6:      layout_basic, mainiacjoe_overflow_catwalk, lemuel_tele_altar,
          minmay_temple_entry_glass, kennysheep_doodads,
          kennysheep_pointless_box
D:7:      layout_basic, nicolae_overflow_crystal_walls,
          chequers_serial_rivers_micro_c, minmay_shattered_shrine
Temple:   eino_temple_water

Skill      XL: |  1  2  3  4  5  6  7  8  9 |
---------------+----------------------------+-----
Shields        | 3 4 5 6 |  6.0
Axes           | 3 4 5 7 8 |  8.6
Armour         | 3 4 5 |  5.4
Fighting       | 4 5 6 |  6.5

Action                     |  1- 3 |  4- 6 |  7- 9 || total
---------------------------+-------+-------+-------++-------
  Melee: War axe           |    76 |   205 |   221 ||   502
    Use: Scroll            |       |       |    11 ||    11
         Potion            |       |       |    10 ||    10
 Armour: Scale mail        |     3 |       |       ||     3
         Chain mail        |    36 |   116 |    21 ||   173
         Plate armour      |       |       |   193 ||   193
  Dodge: Dodged            |    15 |    67 |    53 ||   135
  Block: Buckler           |    11 |    49 |    85 ||   145

Table legend: (Time is in decaauts)
 A = Elapsed time spent in this place.
 B = Non-inter-level travel time spent in this place.
 C = Inter-level travel time spent in this place.
 D = Time resting spent in this place.
 E = Time spent auto-exploring this place.
 F = Levels seen in this place.
 G = Mean time per level.
                   A        B        C        D        E       F      G
               +--------+--------+--------+--------+--------+-----+--------+
         Total |  10701 |  10339 |    362 |   2590 |   6267 |   8 | 1337.6 |
       Dungeon |  10336 |  10012 |    324 |   2590 |   5959 |   7 | 1476.6 |
        Temple |    365 |    328 |     37 |      0 |    308 |   1 |  365.0 |
               +--------+--------+--------+--------+--------+-----+--------+

Top non-repeatable levels by time:
     D:6: 2337 daAuts
     D:1: 1674 daAuts
     D:5: 1563 daAuts
     D:3: 1430 daAuts
     D:2: 1207 daAuts
     D:7: 1093 daAuts
     D:4: 1028 daAuts
  Temple: 365 daAuts
